 Dungeon Crawl Stone Soup version 0.30.1-11-g7821555f0a (webtiles) character file.

Game seed: 15718737904660209863

46 PurpleCat the Covered (level 3, 0/33 HPs)
             Began as a Minotaur Fighter on Nov 9, 2023.
             Succumbed to a kobold's poison
             ... on level 2 of the Dungeon.
             The game lasted 00:04:34 (1260 turns).

PurpleCat the Covered (Minotaur Fighter)            Turns: 1260, Time: 00:04:35

Health: 0/33       AC:  7    Str: 22    XL:     3   Next: 46%
Magic:  2/2        EV:  9    Int:  5    God:
Gold:   111        SH:  4    Dex:  9    Spells: 2/2 levels left

rFire   . . .        a - +0 war axe
rCold   . . .        c - +0 buckler
rNeg    . . .        b - +0 scale mail
rPois   .            (helmet restricted)
rElec   .            (no cloak)
rCorr   .            (no gloves)
SInv    .            (no boots)
Will    .....        (no amulet) Stlth
                     (no ring)
HPRegen 0.25/turn    (no ring)
MPRegen 0.08/turn

%: no passive effects
@: lethally poisoned (0 -> -4)
A: horns 2, retaliatory headbutt
a: no special abilities


You were on level 2 of the Dungeon.
You visited 1 branch of the dungeon, and saw 2 of its levels.

You collected 111 gold pieces.

Inventory:

Hand Weapons
 a - a +0 war axe (weapon)
Armour
 b - a +0 scale mail (worn)
 c - a +0 buckler (worn)
Scrolls
 e - a scroll of vulnerability {unknown}
 h - 2 scrolls of fog {unknown}
 i - 4 scrolls of identify {unknown}
 k - 2 scrolls of blinking {unknown}
 l - a scroll of enchant weapon {unknown}
 m - a scroll of amnesia {unknown}
 n - a scroll of noise {unknown}
 q - a scroll of teleportation {unknown}
Potions
 d - a potion of might
 f - a potion of curing {unknown}
 g - a potion of magic {unknown}
 j - a potion of ambrosia {unknown}
 o - a potion of haste {unknown}
 p - a potion of degeneration {unknown}


   Skills:
 + Level 4.1 Fighting
 + Level 3.1 Axes
 + Level 4.2 Armour
 + Level 4.1 Shields


You had 2 spell levels left.
You didn't know any spells.
Your spell library contained the following spells:

 Spells                   Type           Power      Damage    Failure   Level
 Ensorcelled Hibernation  Hex/Ice        0%         N/A       94%         2
 Passwall                 Tmut/Erth      0%         N/A       94%         2
 Swiftness                Air            0%         N/A       99%         3


Dungeon Overview and Level Annotations

Branches:
Dungeon (2/15)

Altars:


Innate Abilities, Weirdness & Mutations

You have a pair of horns on your head.
You reflexively headbutt those who attack you in melee.


Message History

q - a scroll labelled EVAOD EHOOMME You slash the hobgoblin!
You kill the hobgoblin!
A kobold comes into view.
It is wielding a +0 short sword of venom.
The kobold shouts!
You hit the kobold.
The kobold is heavily wounded.
You block the kobold's attack. The kobold hits you but does no damage.
You barely miss the kobold. Your headbutt misses the kobold.
The kobold is heavily wounded.
The kobold hits you but does no damage.
You are poisoned.
You barely miss the kobold.
The kobold is heavily wounded.
You feel sick.
The kobold hits you with a +0 short sword of venom.
You are more poisoned.
The kobold hits you but does no damage.
You are more poisoned.
You hit the kobold. Your headbutt misses the kobold.
The kobold is severely wounded.
You feel very sick.
The kobold hits you with a +0 short sword of venom.
You are lethally poisoned!
You slash the kobold!
You kill the kobold!
You feel very sick.
* * * LOW HITPOINT WARNING * * *
You feel very sick.
Things that are here:
a +0 short sword of venom; a kobold corpse
* * * LOW HITPOINT WARNING * * *
You feel very sick.
* * * LOW HITPOINT WARNING * * *
You feel sick.
* * * LOW HITPOINT WARNING * * *
You feel sick.
* * * LOW HITPOINT WARNING * * *
You feel sick.
You die...

P♣## #.........##
.....##...#.......
#.........#..## #########
#)..#....... ...[....#
#.†.......##.##~≈....≈ .##.....#
#......##.##........≈≈ .##....##
###.......##.#.#.#≈≈≈# ....#.###
##...#####..#.≈≈≈.# ###.#...#
#.@.# #≈.#.....# ....###.#####
#...# #≈≈......## #.###.......#
#...#####≈.........
.#....#.###.###..............†.#
###...#.......>..........#.##†.##
# ##...................).>.##....
###......................###...##
.#.....#.##.###<..####.### #.....
#...........# #........# #.####


There were no monsters in sight!

Vanquished Creatures
  An adder (D:2)
  A worm (D:2)
  6 endoplasms
  2 goblins (D:1)
  2 hobgoblins (D:2)
  10 kobolds
  4 ball pythons
  3 bats
  A frilled lizard (D:2)
  4 rats (D:1)
34 creatures vanquished.

Notes
Turn   | Place    | Note
-------+----------+-------------------------------------------
     0 | D:1      | PurpleCat the Minotaur Fighter began the quest for the Orb.
     0 | D:1      | Reached XP level 1. HP: 19/19 MP: 0/0
   182 | D:1      | Reached XP level 2. HP: 26/27 MP: 1/1
  1028 | D:2      | Reached XP level 3. HP: 24/33 MP: 2/2
  1259 | D:2      | HP: 1/33 [poisoned by a kobold]
  1260 | D:2      | Succumbed to a kobold's poison

Illustrated notes

Levels and vault maps discovered:
D:1:      lemuel_arrival_tunnels, layout_basic, lexackson_kobold_supper
D:2:      layout_loops_cross, chequers_serial_rivers_small_b,
          dreamdust_princess_corridor, corexii_shack, hex_medium

Skill      XL: |  1  2 |
---------------+-------+-----
Fighting       | 4 |  4.1
Armour         | 4 |  4.2
Shields        | 4 |  4.1
Axes           | 3 |  3.1

Action                     || total
---------------------------++-------
  Melee: War axe           ||   127
         Headbutt          ||    22
 Armour: Scale mail        ||    38
  Dodge: Dodged            ||    36
  Block: Buckler           ||    22
